Workbook
Name Decision: [1]lista!$A$6:$A$7
Name Decision: [1]lista!$A$6:$A$7
Name Decision: [1]lista!$A$6:$A$7
Name Decision: [2]lista!$A$6:$A$7
Name PARTICIPACION: [1]lista!$A$15:$A$17
Name PARTICIPACION: [1]lista!$A$15:$A$17
Name PARTICIPACION: [1]lista!$A$15:$A$17
Name PARTICIPACION: [2]lista!$A$15:$A$17
Name Procedencia: [1]lista!$A$2:$A$3
Name Procedencia: [1]lista!$A$2:$A$3
Name Procedencia: [1]lista!$A$2:$A$3
Name Procedencia: [2]lista!$A$2:$A$3
Name tipo: [1]lista!$A$11:$A$13
Name tipo: [1]lista!$A$11:$A$13
Name tipo: [1]lista!$A$11:$A$13
Name tipo: [2]lista!$A$11:$A$13
Name x: [3]lista!$A$11:$A$13

Sheet INFO GENERAL Y FINANCIERA
B8: Formato Información General Y Financiera De Proveedores
B10: Ciudad | M10: Fecha Dd/mm/aa | AD10: Persona Natural
AD11: Persona Jurídica
B12: 1. Información General
B13: 1.1. Identificación.
B14: Personas naturales | F14: Nombre Comercial | U14: Nombres y Apellidos | AK14: Cédula
B16: Personas jurídicas | F16: Razón Social | U16: NIT | AK16: DV
B18: Dirección | U18: Teléfono | AD18: Fax | AK18: Ciudad
B20: Pagina Web | U20: Años de Constitución | AD20: Sector al que pertenece
B22: 1.2. Personas De Contacto
B23: Gerente General | K23: E-mail | U23: Teléfono | AD23: Ext. | AK23: Celular
B25: Director Comercial | K25: E-mail | U25: Teléfono | AD25: Ext. | AK25: Celular
B27: Asesor Comercial | K27: E-mail | U27: Teléfono | AD27: Ext. | AK27: Celular
B29: 1.3. Productos Y Servicios Inscritos En El Rup De Acuerdo Con El Unspsc
B30: Incluir Listado Con Breve Descripción De Los Productos Y/o Servicios Que Ofrece La Compañía, Registrados En El Rup (agregue Las Filas Necesarias) | AK30: Código de Naciones Unidas
B36: 1.4. Códigos CIIU | AK36: 1.5. Número De Empleados
B37: Código De Actividad | F37: Descripción Actividad Económica CIIU | AD37: Tarifa ICA
B41: 2. Información Financiera - A Diciembre 31 De 2012
B42: Nombre Del Indicador | M42: Cuenta | U42: Valores En Pesos | AD42: Indicador
B43: Capacidad Financiera | F43: índice De Liquidez | M43: Activo Corriente --> | AD43: =+IFERROR(U43/U44,0) -> 0 | AK43: Veces
M44: Pasivo Corriente -->
F45: Índice De Endeudamiento | M45: Pasivo Total--> | AD45: =+IFERROR(U45/U46,0) -> 0 | AK45: Porcentaje
M46: Activo Total-->
F47: Razón De Cobertura De Intereses | M47: Utilidad Operacional--> | AD47: =+IFERROR(U47/U48,0) -> 0 | AK47: Veces
M48: Gastos De Interés-->
B49: Capacidad Organizacional | F49: Rentabilidad Del Patrimonio | M49: Utilidad Operacional--> | AD49: =+IFERROR(U49/U50,0) -> 0 | AK49: Porcentaje
M50: Patrimonio-->
F51: Rentabilidad Del Activo | M51: Utilidad Operacional--> | AD51: =+IFERROR(U51/U52,0) -> 0 | AK51: Porcentaje
M52: Activo Total-->
B53: Nota: Para las empresas inspeccionadas, vigiladas o controladas por la Supersociedades, la información consignada en este numeral será validada con la reportada a la Supersociedades y disponible para consulta en Internet mediante el Sistema de Información y Riesgo Empresarial de la Supersociedades (SIREM). Si se evidencian diferencias en los valores consignados en este formato y los reportados a la Supersociedades se tomará como referencia la información del SIREM.
B54: Otra información relevante de la empresa (consigne en este espacio otra información que considere de interés)

Sheet SDC DOTACION
B8: SOLICITUD DE COTIZACIÓN
B9: Empresa: | D9: Nit: | G9: Fecha:
B10: Contacto: | D10: Cargo: | G10: Tel. celular:
B11: E-Mail: | D11: Dirección: | G11: Tel. fijo:
B13: Instrucciones para el diligenciamiento del formato de cotización
B14: • Por favor diligenciar solo las celdas en AMARILLO. Se deben llenar todas las casillas. • Revisar todos los requerimientos que se exponen en el documento "Ficha de Condiciones Técnicas" y Anexos; y formular su cotización en concordancia con este. • Asignar precio sin incluir el IVA en las celdas de la columna "F" y asignar la tarifa de IVA que corresponda en las celdas de la columna "G" • El valor de la cotización deber ser expresado en PESOS COLOMBIANOS. • Los valores unitarios deberán aproximarse por exceso o por defecto al entero más cercano. Si la cifra no está aproximada y aparece con centavos, el ICBF aproximará al entero inferior. • No modificar, agregar o quitar ningún ítem o sub-ítem.
B16: DOTACIÓN PARA DAMA
B17: Descripción del producto | E17: Cantidad | F17: Valor unitario | G17: Tarifa IVA % | H17: Valor unitario incluido IVA | I17: Valor total incluido IVA
B18: Un (1) vestido de dos piezas para dama, de acuerdo con las especificaciones descritas en el documento Ficha de Condiciones Técnicas. | E18: 180 | H18: =+ROUND(F18*(1+G18),0) -> 0 | I18: =+H18*E18 -> 0
B19: Un (1) par de zapatos de calle para dama, de acuerdo con las especificaciones descritas en el documento Ficha de Condiciones Técnicas. | E19: 180 | H19: =+ROUND(F19*(1+G19),0) -> 0 | I19: =+H19*E19 -> 0
B20: TOTAL | I20: =SUM(I18:I19) -> 0
B22: DOTACIÓN PARA CABALLERO
B23: Descripción del producto | E23: Cantidad | F23: Valor unitario | G23: Tarifa IVA % | H23: Valor unitario incluido IVA | I23: Valor total incluido IVA
B24: Un (1) vestido para caballero de dos piezas, saco y pantalón, de acuerdo con las especificaciones descritas en el documento Ficha de Condiciones Técnicas. | E24: 147 | H24: =+ROUND(F24*(1+G24),0) -> 0 | I24: =+H24*E24 -> 0
B25: Un (1) par de zapatos de calle para caballero, de acuerdo con las especificaciones descritas en el documento Ficha de Condiciones Técnicas. | E25: 147 | H25: =+ROUND(F25*(1+G25),0) -> 0 | I25: =+H25*E25 -> 0
B26: TOTAL | I26: =SUM(I24:I25) -> 0
B28: TOTAL COTIZACIÓN | I28: =I20+I26 -> 0
B30: La presente cotización:
B31: • Incluye todos los costos y gastos directos e indirectos en que debe incurrir el contratista durante la ejecución del contrato de acuerdo con las especificaciones de la Ficha de Condiciones Técnicas, las obligaciones tributarias de acuerdo con las normas aplicables para el tipo de servicio y contrato correspondiente, y los costos de las pólizas. • Se remite como parte del estudio de mercado, previo a la contratación, y no implica ninguna obligación de contratar. • Tiene una vigencia de 90 dias a partir de la fecha de diligenciamiento.
B32: Inscripción en el Registro Único de Proponentes: Las personas naturales y jurídicas, nacionales o extranjeras, con domicilio en Colombia, interesadas en participar en procesos de contratación convocados por las entidades estatales, deben estar inscritas en el RUP, salvo las excepciones previstas de forma taxativa en la ley (Artículo 8 del Decreto 1510 de 2013). Se aclara que esta inscripción no se requiere para remitir cotización durante el estudio de mercado.

Sheet POLIZAS
B9: CONCEPTOS A TENER EN CUENTA PARA REALIZAR LA COTIZACIÓN DE DOTACIÓN INDUSTRIAL
B12: El presente cuadro es de carácter informativo, no se debe diligenciar. Sin embargo se entiende que la cotización incluye la totalidad de los conceptos relacionados a continuación.
B14: POLIZAS PARA LEGALIZACIÓN DEL CONTRATO
B16: CONCEPTO | D16: COBERTURA | E16: PLAZO (En Meses)
B17: Garantía de Seriedad de la oferta | D17: 0.1 | E17: Plazo de Ejecución
B18: Cumplimiento | D18: 0.2 | E18: Plazo de ejecución + 4 meses mas
B19: Salarios, Prestaciones | D19: 0.1 | E19: Plazo de ejecución + 36 meses mas
B20: Calidad de los Servicios | D20: 0.2 | E20: Plazo de ejecución + 4 meses mas
B21: Responsabilidad civil extracontraactual | D21: 0.1 | E21: Plazo de Ejecución
B22: Cobertura: Corresponde al porcentaje del valor total del contrato a amparar.

Sheet INFO EXPERIENCIA
B8: EXPERIENCIA EN CONTRATACION EN LOS ULTIMOS 5 AÑOS
B9: EXPERIENCIA EN CONTRATACIÓN EN LOS ÚLTIMOS 5 AÑOS
B11: Empresa: | C11: =+'SDC DOTACION'!C9 -> 0 | F11: Nit: | G11: =+'SDC DOTACION'!E9 -> 0 | I11: Fecha: | J11: =+'SDC DOTACION'!H9 -> 0
B12: Contacto: | C12: =+'SDC DOTACION'!C10 -> 0 | F12: Cargo: | G12: =+'SDC DOTACION'!E10 -> 0 | I12: Tel. celular: | J12: =+'SDC DOTACION'!H10 -> 0
B13: E-Mail: | C13: =+'SDC DOTACION'!C11 -> 0 | F13: Dirección: | G13: =+'SDC DOTACION'!E11 -> 0 | I13: Tel. fijo: | J13: =+'SDC DOTACION'!H11 -> 0
B15: Con el fin de conocer la experiencia con la que cuentan las empresas del sector relacionada con el objeto del presente estudio de mercado, agradecemos diligenciar el cuadro que sigue con base en los contratos suscritos en los últimos 5 años, cuyos objetos están relacionados con el objeto del presente estudio de mercado
B17: Tipo de entidad | C17: Entidad o Empresa | D17: Numero del contrato | E17: Objeto del contrato | F17: Fecha de suscripción (dd/mmm/aa) | G17: Plazo de ejecución (en años) | H17: Forma de participación (UT, consorcio, individual) | I17: % de participación | J17: Valor total ejecutado del contrato (de acuerdo con el % de participación)
B29: Nota: Agregar las filas necesarias para reportar la experiencia
